 Dungeon Crawl Stone Soup version 0.27.1-33-g824d729ab1 (webtiles) character file.

Game seed: 4639667871353859926

912 Metae the Skirmisher (level 8, -2/70 HPs)
             Began as a Hill Orc Fighter on Dec 4, 2021.
             Slain by Grinder (6 damage)
             ... on level 4 of the Dungeon.
             The game lasted 00:25:11 (6192 turns).

Metae the Skirmisher (Hill Orc Fighter)             Turns: 6192, Time: 00:25:11

Health: -2/70      AC:  4    Str: 21    XL:     8   Next: 9%
Magic:  8/8        EV: 11    Int:  8    God:
Gold:   161        SH: 10    Dex: 10    Spells: 7/7 levels left

rFire    . . .     SeeInvis .   a - +1 war axe
rCold    . . .     Faith    .   c - +0 kite shield
rNeg     . . .     Spirit   .   o - +0 scale mail
rPois    .         Reflect  .   h - +1 hat
rElec    .         Harm     .   (no cloak)
rCorr    .         Rampage  .   (no gloves)
Will     .....                  (no boots)
Stlth    ..........             (no amulet)
HPRegen  0.21/turn              m - +4 ring of evasion
MPRegen  0.11/turn              (no ring)

@: corroded
A: no striking features
a: no special abilities


You were on level 4 of the Dungeon.
You visited 1 branch of the dungeon, and saw 7 of its levels.

You collected 161 gold pieces.

Inventory:

Hand Weapons
 a - a +1 war axe (weapon)
 b - a +0 hunting sling
Missiles
 p - 79 stones (quivered)
Armour
 c - a +0 kite shield (worn)
 g - the +0 buckler of Day {rElec}
   (You found it on level 6 of the Dungeon)

   rElec:     It insulates you from electricity.
 h - a +1 hat (worn)
 o - a +0 scale mail (worn)
Magical Staves
 n - a staff of poison
Jewellery
 m - a +4 ring of evasion (left hand)
Wands
 q - a wand of flame (17)
Scrolls
 i - 2 scrolls of identify
 j - a scroll of magic mapping
 l - a scroll of torment
Potions
 d - a potion of ambrosia {unknown}
 e - a potion of haste {unknown}
 k - a potion of brilliance {unknown}
 r - 2 potions of mutation
 s - a potion of degeneration {unknown}
 t - a potion of lignification {unknown}


   Skills:
 + Level 6.1 Fighting
 + Level 6.0 Axes
 + Level 5.5 Armour
 + Level 5.5 Shields
 + Level 3.2 Evocations


You had 7 spell levels left.
You didn't know any spells.
Your spell library contained the following spells:

 Spells                   Type           Power      Damage    Failure   Level
 Animate Skeleton         Necr           0%         N/A       98%         1
 Apportation              Tloc           0%         N/A       98%         1
 Corona                   Hex            0%         N/A       98%         1
 Summon Small Mammal      Summ           0%         N/A       98%         1
 Slow                     Hex            0%         N/A       99%         2
 Confusing Touch          Hex            0%         N/A       100%        3
 Vampiric Draining        Necr           0%         2d6       100%        3
 Blade Hands              Tmut           0%         N/A       100%        5
 Irradiate                Conj/Tmut      0%         3d13      100%        5
 Dragon Form              Tmut           0%         N/A       100%        7


Dungeon Overview and Level Annotations

Branches:
Dungeon (7/15)
 Temple: D:4-7

Altars:
Elyvilon
Sif Muna

Annotations:
D:4 Grinder, Menkaure


Message History

You slice Natasha!!
You kill Natasha!
You feel Natasha's spirit has finally been put to rest.
There is an escape hatch in the ceiling here.
You see here the felid corpse of Natasha.
There is a stone staircase leading up, spattered with blood here.
You start resting.
A jelly is nearby!
A jelly is nearby!
The jelly quivers.
Grinder shouts!
Grinder blinks!
You slash the jelly!
Your hands burn!
The jelly is heavily wounded.
The jelly hits you but does no damage. Grinder hits you but does no damage.
The jelly hits you. The acid corrodes you!
You are splashed with acid!
You slash the jelly!
You kill the jelly!
You closely miss Grinder. Grinder completely misses you.
Your Axes skill increases to level 6!
You closely miss Grinder. Grinder hits you but does no damage.
You closely miss Grinder. Grinder hits you.
You writhe in agony.
You block Grinder's attack.
You barely miss Grinder. Grinder hits you.
You closely miss Grinder.
The steam dragon hisses angrily.
Grinder gestures at you. You resist with some effort. Grinder hits you.
You writhe in agony.
You slash Grinder!
Grinder is moderately wounded.
The steam dragon breathes steam at you. The ball of steam hits you!
* * * LOW HITPOINT WARNING * * *
Grinder gestures at you. Pain shoots through your body!
* * * LOW HITPOINT WARNING * * *
You are engulfed in a cloud of scalding steam.
* * * LOW HITPOINT WARNING * * *
Grinder hits you.
You die...

,#....................#*,,,*
,#################.#####..,*
,*.....* #D##.....,*
_*.....###########....#*****
**..............##§#####
*,,..............§)....###**
,,,,............§§§.......(#
*******#.......)§§§.########
#........@5..#
#.........)..#
##.........)## ##...##...##
##########


You could see Grinder.

Vanquished Creatures
  Sigmund (D:4)
  Eustachio (D:4)
  Blork the orc (D:3)
  2 scorpions
  A hound (D:6)
  A jelly (D:4)
  An orc priest (D:4)
  A bullfrog skeleton (D:7)
  2 iguanas
  A centaur skeleton (D:7)
  Ijyb (D:3)
  Natasha (thrice) (D:4)
  2 orc wizards (D:4)
  A gnoll (D:5)
  An adder (D:3)
  An ufetubus (D:5)
  An adder skeleton (D:4)
  A dart slug (D:1)
  A worm (D:2)
  4 orcs
  6 ball pythons
  7 bats
  4 endoplasms
  4 giant cockroaches
  9 goblins
  5 hobgoblins
  7 jackals (D:2)
  5 quokkas
  A frilled lizard (D:1)
  5 kobolds
  5 rats
86 creatures vanquished.

Vanquished Creatures (others)
  A goblin (D:4)
  A butterfly (D:4)
2 creatures vanquished.

Grand Total: 88 creatures vanquished

Notes
Turn   | Place    | Note
-------+----------+-------------------------------------------
     0 | D:1      | Metae the Hill Orc Fighter began the quest for the Orb.
     0 | D:1      | Reached XP level 1. HP: 19/19 MP: 1/1
   260 | D:1      | Reached XP level 2. HP: 24/27 MP: 2/2
   912 | D:1      | Reached XP level 3. HP: 32/33 MP: 3/3
  2018 | D:2      | Found a shimmering blue altar of Sif Muna.
  2192 | D:2      | Found a faded altar of an unknown god.
  2582 | D:3      | Reached XP level 4. HP: 38/40 MP: 4/4
  2720 | D:3      | Noticed Ijyb
  2751 | D:3      | Killed Ijyb
  3121 | D:4      | Noticed Blork the orc
  3443 | D:4      | Noticed Grinder
  3591 | D:4      | Noticed a steam dragon
  3593 | D:4      | Noticed Menkaure
  3886 | D:4      | Noticed Natasha
  3894 | D:4      | Killed Natasha
  3895 | D:4      | Reached XP level 5. HP: 30/47 MP: 5/5
  3916 | D:4      | Noticed Natasha
  4319 | D:4      | Killed Natasha
  4373 | D:4      | Reached skill level 1 in Evocations
  4502 | D:4      | Noticed Sigmund
  4524 | D:4      | Killed Sigmund
  4525 | D:4      | Reached skill level 5 in Fighting
  4525 | D:4      | Reached XP level 6. HP: 22/56 MP: 6/6
  4727 | D:4      | Found a white marble altar of Elyvilon.
  4734 | D:4      | Noticed Eustachio
  4944 | D:4      | Killed Eustachio
  4945 | D:4      | Reached skill level 5 in Axes
  4945 | D:4      | Reached skill level 5 in Shields
  4945 | D:4      | Reached XP level 7. HP: 35/61 MP: 7/7
  5081 | D:4      | You fall into a shaft and drop 3 floors!
  5096 | D:7      | Reached skill level 5 in Armour
  5171 | D:6      | Identified the +0 buckler of Day {rElec}
  5200 | D:5      | Entered Level 5 of the Dungeon
  5740 | D:3      | Killed Blork the orc
  5874 | D:4      | Reached XP level 8. HP: 25/70 MP: 8/8
  5918 | D:4      | Noticed Natasha
  6175 | D:4      | Killed Natasha
  6192 | D:4      | HP: 3/70 [something] (7)]
  6192 | D:4      | Slain by Grinder

Illustrated notes

Levels and vault maps discovered:
D:1:      co_arrival_random_square_maze, layout_loops_corners, nrook_campfire,
          minmay_shallow_snake_nest
D:2:      layout_loops_corners, hellmonk_ecumenical_altar_heavens_door,
          basic_altar
D:3:      layout_basic, uniq_ijyb
D:4:      layout_rooms, gammafunk_temple_overflow_elements,
          nicolae_elyvilon_peaceful_grove, uniq_natasha, uniq_menkaure,
          uniq_sigmund, uniq_eustachio, uniq_grinder, uniq_blork_the_orc
D:5:      layout_cave_pools, grunt_ministairs_14, corexii_corridor_pit,
          eino_tiny_chamber
D:6:      layout_cave_pools, minmay_temple_entry_waves
D:7:      layout_loops_ring, kennysheep_nub, chequers_hall_statues_corner_a,
          chequers_serial_rivers_large_a, hex_medium

Skill      XL: |  1  2  3  4  5  6  7  8 |
---------------+-------------------------+-----
Axes           | 3 4 5 6 |  6.0
Fighting       | 4 5 6 |  6.1
Armour         | 4 5 |  5.5
Shields        | 4 5 |  5.5
Evocations     | 1 2 3 |  3.2

Action                   |  1- 3 |  4- 6 |  7- 9 || total
-------------------------+-------+-------+-------++-------
Melee: War axe           |   115 |   112 |    73 ||   300
       Unarmed           |       |     8 |       ||     8
Evoke: Wand              |       |     1 |     6 ||     7
  Use: Potion            |       |     4 |     1 ||     5
       Scroll            |       |     7 |       ||     7
Armor: Scale mail        |    75 |    75 |    31 ||   181
       Skin              |       |     1 |       ||     1
Dodge: Dodged            |    44 |    57 |    51 ||   152
Block: Kite shield       |    84 |    89 |    51 ||   224
